Map: Coda EC

Players

Rajunkjun - Winner!

  • Race: Zerg Zerg
  • League: Grandmaster

AgCl

  • Race: Protoss Protoss
  • League: Grandmaster

VOD

Have the link to the VOD?

Description

Time

  • Played on: June 11, 2015, 6:24 p.m.
  • Length: 3:09
Show
View Real Time Build Order
Export as new Build Order

Rajunkjun Zerg - Winner!

Build Orders: Pool First 

Get SALT Encoding   

  12  0:02  Drone  
  13  0:12  Drone  
  14  0:18  Extractor  
  13  0:29  Spawning Pool  
  12  0:59  Hatchery  
  11  1:10  Overlord  
  11  1:17  Zergling x2  
  12  1:31  Zergling x4  
  14  1:37  Zergling x2  
  15  1:44  Metabolic Boost  
  15  1:55  Zergling x4  
  17  2:05  Zergling x2  
  18  2:20  Zergling x4  
  20  2:34  Zergling x2  
  20  2:35  Zergling x4  
  23  2:49  Zergling x4  
Show
View Real Time Build Order
Export as new Build Order

AgCl Protoss 

Build Orders:  

Get SALT Encoding   

  12  0:02  Probe  
  13  0:14  Probe  
  14  0:27  Pylon  
  14  0:45  Probe  
  14  0:49  Gateway  
  15  0:57  Probe (Chrono Boost), Assimilator  
  15  0:58  Pylon  
  16  1:07  Probe (Chrono Boost)  
  17  1:14  Probe  
  18  1:26  Probe  
  19  1:36  Zealot (Chrono Boost)  
  19  1:39  Cybernetics Core  
  21  1:41  Probe (Chrono Boost)  
  22  1:49  Assimilator  
  22  1:52  Probe (Chrono Boost)  
  23  1:58  Probe (Chrono Boost)  
  24  2:10  Cybernetics Core  
  25  2:18  Mothership Core (Chrono Boost)  
  24  2:28  Pylon  
  24  2:33  Probe (Chrono Boost)  
  26  2:45  Gateway  
  26  2:46  Pylon  
  26  2:52  Cybernetics Core  
Tags
 
Add a new tag
Caveats
  • Supply blocks, unpowered buildings, or Contaminate may cause inaccurate times.
  • Supply counts are checked every 10 seconds.